 Dungeon Crawl Stone Soup version 0.27-a0-604-g29a88b33a7 (webtiles) character file.

Game seed: 16196373976956141037

136 sanka the Grave Robber (level 4, 0/30 HPs)
             Began as a Vampire Necromancer on Mar 12, 2021.
             Killed by divine providence
             ... invoked by an orc priest
              (11 damage)
             ... on level 3 of the Dungeon.
             The game lasted 00:05:38 (3200 turns).

sanka the Grave Robber (Vampire Necromancer)        Turns: 3200, Time: 00:05:39

Health: 0/30       AC:  2    Str:  7    XL:     4   Next: 98%
Magic:  8/8        EV: 12    Int: 17    God:
Gold:   142        SH:  0    Dex: 15    Spells: 4/9 levels left

rFire    . . .     SeeInvis +   n - +2 mace (vorpal)
rCold    . . .     Faith    .   (no shield)
rNeg     . . .     Spirit   .   a - +0 robe
rPois    .         Reflect  .   (no helmet)
rElec    .         Harm     .   (no cloak)
rCorr    .         Rampage  .   (no gloves)
Will     .....                  (no boots)
Stlth    ++........             (no amulet)
HPRegen  0.30/turn              (no ring)
MPRegen  0.11/turn              (no ring)

@: regenerating quickly
A: fangs 3, see invisible, unbreathing 1, vampiric 2
a: Exsanguinate


You were on level 3 of the Dungeon.
You visited 1 branch of the dungeon, and saw 3 of its levels.

You collected 142 gold pieces.


Innate Abilities, Weirdness & Mutations

Your natural rate of healing is unusually fast.
You have razor-sharp teeth.
You have supernaturally acute eyesight. (SInv)
You can survive without breathing.
You are afflicted with vampirism and can become a bat while bloodless.


   Skills:
 - Level 2.1 Dodging
 - Level 3.0 Stealth
 - Level 3.0 Spellcasting
 + Level 6.4 Necromancy


You had 4 spell levels left.
You knew the following spells:

 Your Spells              Type           Power      Damage    Failure   Level
x - Vampiric Draining     Necr           12%        2d7       3%          3
z - Pain                  Necr           96%        1d8       1%          1
Z - Animate Skeleton      Necr           48%        N/A       1%          1

Your spell library contained the following spells:

 Spells                   Type           Power      Damage    Failure   Level
 Animate Dead             Necr           12%        N/A       13%         4
 Agony                    Necr           24%        N/A       34%         5

Inventory:

Hand Weapons
 l - a +0 short sword
 n - a +2 vorpal mace (weapon)
 s - a +3 short sword
Missiles
 k - 5 javelins
Armour
 a - a +0 robe (worn)
 h - a +0 buckler
Scrolls
 c - 3 scrolls of teleportation {unknown}
 f - 2 scrolls of magic mapping {unknown}
 m - 2 scrolls of identify {unknown}
 o - a scroll of amnesia {unknown}
 p - 2 scrolls of fog {unknown}
Potions
 b - 2 potions of curing {unknown}
 d - a potion of degeneration {unknown}
 e - a potion of lignification {unknown}
 g - a potion of heal wounds {unknown}
 i - a potion of flight {unknown}
 j - a potion of might {unknown}
 q - a potion of ambrosia {unknown}
 r - a potion of invisibility {unknown}

Dungeon Overview and Level Annotations

Branches:
Dungeon (3/15)

Altars:

▒.▒▒▒▒.▒ ▒.▒ ▒......▒
▒o▒ ▒▒▒▒▒▒▒▒ ▒.▒ ▒†▒ ▒o▒
▒.▒ ▒▒▒▒▒▒▒▒o▒
.........▒ .▒▒▒▒▒▒.V▒
▒▒▒▒▒..▒▒▒▒▒▒▒▒
......<........▒▒▒▒▒
▒▒▒▒▒.....▒▒.......▒▒▒▒▒
▒▒...▒▒▒...▒.......▒ .▒
▒▒▒▒▒▒..▒▒ ▒▒▒▒▒..▒.▒▒.▒
▒.▒▒ ........▒ ▒.▒▒▒.▒.▒
..▒P ▒▒▒▒▒▒▒.▒ ▒..▒.▒▒.▒
..▒ ▒▒'▒▒ ▒.▒.▒▒▒.▒


You could see an orc priest and 2 orcs.


Message History

Magic restored.
An orc comes into view. It is wielding a +0 flail.
Things that are here:
a +3 short sword; 7 stones
s - a +3 short sword
Okay, then.
An orc is nearby!
An orc comes into view. It is wielding a +0 spear.
The orc shouts!
The orc hits you with a +0 flail.
You hit the orc but do no damage. The orc closely misses you.
An orc priest comes into view. It is wielding a +0 flail.
The orc priest shouts!
You hit the orc but do no damage. The orc barely misses you.
You completely miss the orc. The orc hits you with a +0 flail.
You barely miss the orc. The orc closely misses you.
The orc hits you with a +0 flail.
You see here 7 stones.
You see here a dart slug corpse.
The orc priest invokes the aid of Beogh against you.
Beogh smites you!
* * * LOW HITPOINT WARNING * * *
There is nothing nearby to animate!
The orc priest mumbles some strange prayers to Beogh against you.
Beogh smites you!
You die...

Action                   |  1- 3 |  4- 6 || total
-------------------------+-------+-------++-------
Melee: Short sword       |    20 |       ||    20
       Bite              |     4 |       ||     4
       Unarmed           |     3 |       ||     3
       Mace              |       |     5 ||     5
 Cast: Pain              |    87 |    26 ||   113
       Vampiric Draining |     5 |       ||     5
 Stab: Sleeping          |     1 |       ||     1
Armor: Robe              |     7 |       ||     7
Dodge: Dodged            |    19 |     7 ||    26

Levels and vault maps discovered:
D:1:      amcnicky_arrival_gap_in_the_tavern_cellar, layout_loops_ring
D:2:      layout_loops_ring, minmay_tetromino_s2, uniq_terence
D:3:      layout_loops_corners, serial_aquarium, aquarium_bridge_long_joined
          [aquarium_subvault_wall, aquarium_subvault_balcony,
          aquarium_subvault_wall, aquarium_subvault_window,
          aquarium_subvault_bridge, aquarium_subvault_wall], aquarium_window_1,
          aquarium_window_1, aquarium_window_1, aquarium_view_2d,
          aquarium_view_2d, aquarium_balcony_1a, aquarium_pool_2,
          feat_on_display, uniq_ijyb, uniq_jessica, uniq_grinder

Notes
Turn   | Place    | Note
-------+----------+-------------------------------------------
     0 | D:1      | sanka the Vampire Necromancer began the quest for the Orb.
     0 | D:1      | Reached XP level 1. HP: 13/13 MP: 3/3
   132 | D:1      | Reached XP level 2. HP: 18/19 MP: 3/5
  1166 | D:2      | Learned a level 1 spell: Animate Skeleton
  1214 | D:2      | Reached skill level 5 in Necromancy
  1259 | D:2      | Gained mutation: You are afflicted with vampirism and can
                  | become a bat while bloodless. [Vampire growth]
  1259 | D:2      | Reached XP level 3. HP: 23/24 MP: 5/7
  1588 | D:2      | Noticed Terence
  1687 | D:1      | Learned a level 3 spell: Vampiric Draining
  1905 | D:2      | Reached skill level 3 in Spellcasting
  2505 | D:2      | Killed Terence
  2506 | D:2      | Reached XP level 4. HP: 30/30 MP: 4/8
  2683 | D:3      | Reached skill level 6 in Necromancy
  2934 | D:3      | Noticed Jessica
  2942 | D:3      | Killed Jessica
  3200 | D:3      | Killed from afar by an orc priest

Vanquished Creatures
  Jessica (D:3)
  Terence (D:2)
  An adder (D:3)
  2 oozes
  A worm (D:2)
  A dart slug (D:3)
  2 leopard geckos
  2 orcs (D:3)
  4 bats
  3 giant cockroaches
  6 goblins
  7 hobgoblins
  9 kobolds
  3 quokkas (D:2)
  6 frilled lizards
  9 rats
58 creatures vanquished.
